 Dungeon Crawl Stone Soup version 0.31.0-32-g396128a36d (webtiles) character file.

Game seed: 3112289661476825332

2286 spacecowgir1 the Slasher (level 9, -14/64 (65) HPs)
             Began as a Demonspawn Gladiator on Mar 21, 2024.
             Was a Believer of Makhleb.
             Demolished by an ogre
             ... wielding a +0 giant club
              (18 damage)
             ... on level 7 of the Dungeon.
             The game lasted 00:25:34 (4661 turns).

spacecowgir1 the Slasher (Demonspawn Gladiator)     Turns: 4661, Time: 00:25:35

HP:   -14/64 (65)   AC: 16    Str: 18    XL:     9   Next: 17%
MP:   9/9           EV: 14    Int:  9    God:    Makhleb [**....]
Gold: 332           SH:  0    Dex: 21    Spells: 8/8 levels left

rFire   . . .        q - +1 mace (venom)
rCold   + + .        (no shield)
rNeg    . . .        w - +4 ring mail {rC+}
rPois   +            h - +2 helmet {SInv}
rElec   .            u - +0 cloak
rCorr   .            (no gloves)
SInv    +            (no boots)
Will    .....        C - amulet of the acrobat
Stlth   +            c - ring of Ycihol {+Blink rC+}
HPRegen 0.30/turn    o - +6 ring of dexterity
MPRegen 0.11/turn

%: acrobat
@: lightly drained
A: yellow scales 1, spiny 2, weakness stinger 1, low MP 1, poison resistance,
MP-powered wands, persistent drain
a: Renounce Religion, Evoke Blink, Minor Destruction


You were on level 7 of the Dungeon.
You worshipped Makhleb.
Makhleb was pleased with you.
You visited 1 branch of the dungeon, and saw 7 of its levels.

You collected 332 gold pieces.

Inventory:

Hand Weapons
 q - a +1 mace of venom (weapon)
Missiles
 d - 4 throwing nets
 e - a javelin
Armour
 h - a +2 helmet of see invisible (worn)
 u - a +0 cloak (worn)
 w - a +4 ring mail of cold resistance (worn)
Jewellery
 c - the ring of Ycihol (left hand) {+Blink rC+}
   (You acquired it on level 2 of the Dungeon)

   [ring of protection from cold]

   rC+:       It protects you from cold.
   +Blink:    It lets you blink.
 o - a +6 ring of dexterity (right hand)
 C - an amulet of the acrobat (around neck)
Wands
 p - a wand of mindburst (27) (quivered)
 r - a wand of light (34)
 t - a wand of digging (10)
 v - a wand of roots (6)
 y - a wand of paralysis (13)
Scrolls
 a - a scroll of enchant armour
 f - a scroll of silence
 g - 3 scrolls of blinking
 i - 5 scrolls of identify
 l - 2 scrolls of teleportation
 s - 3 scrolls of fear
 B - a scroll of noise {unknown}
Potions
 b - a potion of attraction
 k - 2 potions of brilliance
 m - 3 potions of enlightenment
 n - 2 potions of curing
 z - a potion of haste


   Skills:
 + Level 4.3 Fighting
 + Level 5.9 Long Blades
 + Level 5.0 Maces & Flails
 + Level 1.8 Throwing
 + Level 4.5 Armour
 + Level 4.7 Dodging
 + Level 1.2 Stealth
 + Level 2.1 Invocations
 + Level 3.6 Evocations


You had 8 spell levels left.
You didn't know any spells.
Your spell library contained the following spells:

 Spells                   Type           Power      Damage    Failure   Level
 Slow                     Hex            0%         N/A       56%         1
 Lesser Beckoning         Tloc           0%         N/A       71%         2
 Confusing Touch          Hex            0%         N/A       90%         3
 Fugue of the Fallen      Necr           0%         N/A       90%         3
 Gell's Gravitas          Tloc           0%         N/A       90%         3
 Ozocubu's Armour         Ice            0%         N/A       90%         3
 Sigil of Binding         Hex            0%         N/A       90%         3
 Teleport Other           Tloc           0%         N/A       90%         3
 Vampiric Draining        Necr           0%         2d6       90%         3
 Manifold Assault         Tloc           0%         N/A       100%        4


Dungeon Overview and Level Annotations

Branches:
Dungeon (7/15)             Temple (0/1) D:4

Altars:
Fedhas
Makhleb
Vehumet

Shops:
D:3 *   D:7 (


Innate Abilities, Weirdness & Mutations

You are partially covered in yellow scales. (AC +2)
You are mostly covered in sharp spines.
You have a small tail.
Your magical capacity is low. (-10% MP)
Your system is resistant to poisons. (rPois)
You expend magic power (3 MP) to strengthen your wands.
Your health recovers twice as slowly from being drained.


Message History

The centaur zombie is struck by your spines.
The centaur zombie barely misses you. The centaur zombie misses you.
The wight is struck by your spines.
You destroy the wight!
Makhleb accepts your kill.
You feel better.
Your Maces & Flails skill increases to level 5!
You see here 15 gold pieces.
An ogre comes into view. It is wielding a +0 giant club.
The centaur zombie is struck by your spines.
The centaur zombie misses you. The centaur zombie closely misses you.
You hit the centaur zombie.
The centaur zombie is heavily damaged.
The centaur zombie hits you but does no damage.
The centaur zombie kicks you but does no damage.
You hit the centaur zombie.
The centaur zombie is severely damaged.
The centaur zombie hits you but does no damage.
The centaur zombie kicks you but does no damage.
The ogre is struck by your spines.
The ogre hits you with a +0 giant club!!
You hit the wight but do no damage. The ogre barely misses you.
You hit the wight.
Your tail-slap misses the wight.
The wight is moderately damaged.
The wight hits you with a +4 mace of freezing.
You hit the wight but do no damage.
The wight is moderately damaged.
The wight hits you with a +4 mace of freezing.
The ogre hits you with a +0 giant club!!
* * * LOW HITPOINT WARNING * * *
You barely miss the wight.
You tail-slap the wight, but do no damage.
The wight is lightly damaged.
The wight hits you with a +4 mace of freezing.
* * * LOW HITPOINT WARNING * * *
You feel drained.
* * * LOW HITPOINT WARNING * * *
The ogre is struck by your spines.
The ogre hits you with a +0 giant club!!
You die...

...... ##...#
..#.#.. ......#
# ### .....[
######..8..## ..
..z..........#
#. #Z...!.
....##
#..##O##Z##.#.#
#....#
#....@zz.....#
#..#.#
#..##.##.)#####
#..#.# ... #.)#
#..#.# ####
#..#######..#.##
#..............~
#..######.######
#.........#.....
##........#.>.∩.
########.#.....


You could see an ogre, 2 wights and a wyvern zombie.

Vanquished Creatures
  Sigmund (D:4)
  A steam dragon (D:6)
  Duvessa (D:4)
  A water moccasin (D:7)
  A sky beast (D:7)
  A hornet zombie (D:7)
  An ogre (D:6)
  A phantom (D:5)
  A bullfrog (D:6)
  2 scorpions
  2 wights (D:7)
  Dowan (D:4)
  A bombardier beetle (D:4)
  3 jellies
  A centaur zombie (D:7)
  5 hounds
  3 orc priests
  9 iguanas
  3 iron imps (D:3)
  A sleepcap (D:5)
  Ijyb (D:3)
  Terence (D:2)
  4 orc wizards
  Robin (D:3)
  7 gnolls (D:5)
  4 adders
  2 white imps
  4 ufetubi
  A dart slug (D:2)
  A ribbon worm (D:3)
  12 orcs
  5 ball pythons
  12 endoplasms
  4 giant cockroaches
  9 goblins
  9 hobgoblins
  4 jackals (D:4)
  3 quokkas
  5 bats
  3 frilled lizards
  7 kobolds
  3 rats
142 creatures vanquished.

Notes
Turn   | Place    | Note
-------+----------+-------------------------------------------
     0 | D:1      | spacecowgir1 the Demonspawn Gladiator began the quest for
                  | the Orb.
     0 | D:1      | Reached XP level 1. HP: 16/16 MP: 1/1
   238 | D:1      | Gained mutation: You have a small tail. [demonic ancestry]
   238 | D:1      | Reached XP level 2. HP: 22/22 MP: 2/2
   757 | D:2      | Gained mutation: You are partially covered in sharp spines.
                  | [demonic ancestry]
   757 | D:2      | Reached XP level 3. HP: 27/27 MP: 3/3
   937 | D:2      | Identified a scroll of acquirement
   937 | D:2      | Acquired the ring of Ycihol {+Blink rC+}
  1060 | D:2      | Noticed Terence
  1075 | D:2      | Killed Terence
  1156 | D:2      | Gained mutation: You are mostly covered in sharp spines.
                  | [demonic ancestry]
  1156 | D:2      | Reached XP level 4. HP: 33/33 MP: 4/4
  1375 | D:3      | Noticed Ijyb
  1377 | D:3      | Noticed Robin
  1391 | D:3      | Killed Robin
  1402 | D:3      | Killed Ijyb
  1403 | D:3      | Reached skill level 1 in Armour
  1403 | D:3      | Reached XP level 5. HP: 30/39 MP: 5/5
  1414 | D:3      | Found a burning altar of Makhleb.
  1476 | D:3      | Reached skill level 5 in Long Blades
  1494 | D:3      | Became a worshipper of Makhleb the Destroyer
  1732 | D:3      | Reached XP level 6. HP: 46/46 MP: 6/6
  1786 | D:3      | Found a blossoming altar of Fedhas.
  1982 | D:3      | Found Yqoud's Assorted Antiques.
  2048 | D:3      | Found a radiant altar of Vehumet.
  2329 | D:4      | Reached skill level 1 in Maces & Flails
  2330 | D:4      | Noticed Sigmund
  2340 | D:4      | Killed Sigmund
  2341 | D:4      | Reached skill level 1 in Evocations
  2413 | D:4      | Gained mutation: You are partially covered in yellow
                  | scales. (AC +2) [demonic ancestry]
  2413 | D:4      | Reached XP level 7. HP: 47/51 MP: 7/7
  2418 | D:4      | Reached * piety under Makhleb
  2437 | D:4      | Found a staircase to the Ecumenical Temple.
  2818 | D:4      | Noticed Duvessa
  2819 | D:4      | Noticed Dowan
  2833 | D:4      | Killed Duvessa
  2837 | D:4      | Killed Dowan
  3324 | D:5      | Entered Level 5 of the Dungeon
  3637 | D:5      | Reached XP level 8. HP: 35/58 MP: 8/8
  3815 | D:6      | Reached skill level 1 in Stealth
  3823 | D:6      | Reached ** piety under Makhleb
  3841 | D:6      | Gained mutation: Your flesh is heat resistant. (rF+)
                  | [potion of mutation]
  3841 | D:6      | Gained mutation: Your mind is acute. (Int +4, Str/Dex -1)
                  | [potion of mutation]
  3841 | D:6      | Gained mutation: You are agile. (Dex +4, Str/Int -1)
                  | [potion of mutation]
  3865 | D:6      | Reached skill level 1 in Invocations
  3895 | D:6      | Lost mutation: Your mind is acute. (Int +4, Str/Dex -1)
                  | [potion of mutation]
  3895 | D:6      | Lost mutation: Your flesh is heat resistant. (rF+) [potion
                  | of mutation]
  3895 | D:6      | Lost mutation: You are agile. (Dex +4, Str/Int -1) [potion
                  | of mutation]
  3895 | D:6      | Gained mutation: You expend magic power (3 MP) to
                  | strengthen your wands. [potion of mutation]
  3895 | D:6      | Gained mutation: Your magical capacity is low. (-10% MP)
                  | [potion of mutation]
  3895 | D:6      | Gained mutation: Your health recovers twice as slowly from
                  | being drained. [potion of mutation]
  3895 | D:6      | Gained mutation: Your system is resistant to poisons.
                  | (rPois) [potion of mutation]
  4551 | D:7      | Reached XP level 9. HP: 50/65 MP: 9/9
  4611 | D:7      | Found Maecul's Antique Weapon Emporium.
  4654 | D:7      | Reached skill level 5 in Maces & Flails
  4661 | D:7      | Demolished by an ogre

Illustrated notes

Levels and vault maps discovered:
D:1:      reono_arrival_mine, layout_basic, hangedman_decor_peaks_small,
          roderic_lattice_a, minmay_shallow_snake_nest
D:2:      layout_basic, uniq_terence
D:3:      layout_basic, demons_altar, lemuel_round_altar,
          mainiacjoe_overflow_brackets, serial_shops, nicolae_square_shop,
          uniq_robin, uniq_ijyb
D:4:      layout_cave_pods, minmay_temple_entry_from_below_a, uniq_sigmund,
          uniq_duvessa
D:5:      layout_rooms
D:6:      layout_rooms
D:7:      layout_loops_ring, serial_shops, nicolae_take_the_stairs,
          serial_undead, serial_undead_d, serial_undead_c, serial_undead_a,
          serial_undead_d, serial_undead_d, serial_undead_b

Skill      XL: |  1  2  3  4  5  6  7  8  9 |
---------------+----------------------------+-----
Dodging        | 3 4 |  4.7
Long Blades    | 3 4 5 |  5.9
Armour         | 1 2 4 |  4.5
Maces & Flails | 1 2 4 5 |  5.0
Evocations     | 1 3 |  3.6
Fighting       | 3 4 |  4.3
Stealth        | 1 |  1.2
Invocations    | 1 2 |  2.1
Throwing       | |  1.8

Action                     |  1- 3 |  4- 6 |  7- 9 || total
---------------------------+-------+-------+-------++-------
  Melee: Long sword        |    68 |    38 |       ||   106
         Tailslap          |     5 |     7 |    17 ||    29
         Punch             |       |     1 |     2 ||     3
         Mace              |       |    21 |   150 ||   171
  Throw: Throwing net      |       |     1 |       ||     1
 Invoke: Minor Destruction |       |       |     3 ||     3
Ability: Evoke Blink       |     1 |     3 |     2 ||     6
  Evoke: Wand              |       |     9 |    17 ||    26
    Use: Scroll            |     4 |     3 |     5 ||    12
         Potion            |     5 |       |     4 ||     9
 Armour: Scale mail        |    43 |       |       ||    43
         Leather armour    |     4 |       |       ||     4
         Chain mail        |     4 |    55 |    35 ||    94
         Ring mail         |       |       |   115 ||   115
  Dodge: Dodged            |    38 |    32 |   137 ||   207
